 Dungeon Crawl Stone Soup version 0.31-a0-1134-gb247575 (webtiles) character file.

Game seed: 984671284021963200

3 PidgeyThePirate the Ruffian (level 1, -1/15 HPs)
             Began as a Demigod Shapeshifter on Dec 5, 2023.
             Slain by a hobgoblin (4 damage)
             ... on level 1 of the Dungeon.
             The game lasted 00:00:21 (97 turns).

PidgeyThePirate the Ruffian (Demigod Shapeshifter)    Turns: 97, Time: 00:00:22

Health: -1/15      AC:  2    Str: 15    XL:     1   Next: 33%
Magic:  3/3        EV: 12    Int: 12    God:
Gold:   0          SH:  0    Dex: 13    Spells: 0/0 levels left

rFire   . .          .
                       - Unarmed
rCold   . . .        (no shield)
rNeg    . . .        a - +0 animal skin
rPois   .            (helmet currently unavailable)
rElec   .            (cloak currently unavailable)
rCorr   .            (gloves currently unavailable)
SInv    .            (boots currently unavailable)
Will    .....        (no amulet)
Stlth   +            (no ring)
HPRegen 0.22/turn    (no ring)
MPRegen 0.08/turn

%: no passive effects
@: lethally poisoned (-1 -> -2), beast-form
A: beast (slay +1), high MP 1, forlorn, divine attributes
a: Begin Untransformation


You were on level 1 of the Dungeon.
You were a hulking beast.
You visited 1 branch of the dungeon, and saw 1 of its levels.

Inventory:

Armour
 a - a +0 animal skin (worn)
Talismans
 c - a beast talisman
 d - a flux talisman
 e - a maw talisman
Scrolls
 f - a scroll of brand weapon {unknown}
Potions
 b - a potion of lignification


   Skills:
 + Level 0.8 Fighting
 + Level 1.7 Dodging
 + Level 2.8 Unarmed Combat
 * Level 2.7 Shapeshifting


You couldn't memorise any spells.
You didn't know any spells.
Your spell library was empty.

Dungeon Overview and Level Annotations

Branches:
Dungeon (1/15)


Innate Abilities, Weirdness & Mutations

You are a hulking beast.
Your limbs bulge with bestial killing power. (Slay +1)
You have an increased reservoir of magic. (+10% MP)
You shall have no god before yourself.
Your divine heritage dramatically boosts your attributes as you level up.


Message History

The ball python grabs you. The ball python constricts you.
You hit the ball python.
The ball python is severely wounded.
The ball python closely misses you. The ball python constricts you.
You hit the ball python.
You kill the ball python!
HP restored.
You open the door.
There is an open door here.
A goblin and a kobold come into view.
The goblin is wielding a +1 dagger of venom.
Found a mace.
Found a stone staircase leading down.
The goblin shouts!
The kobold shouts!
You hear a shout!
A hobgoblin comes into view.
Found 8 gold pieces.
The goblin hits you but does no damage.
You are poisoned.
You hit the goblin.
The goblin is severely wounded.
You feel very sick. The goblin misses you.
You hit the goblin.
You kill the goblin!
You feel sick.
You feel sick.
Things that are here:
a +1 dagger of venom; a goblin corpse You closely miss the kobold.
You feel sick. The kobold closely misses you. The hobgoblin closely misses you.
You miss the kobold.
You feel sick. The kobold barely misses you. The hobgoblin barely misses you.
You closely miss the kobold.
You feel sick. The kobold hits you with a +0 dagger.
* * * LOW HITPOINT WARNING * * *
The hobgoblin misses you.
You closely miss the kobold.
You feel sick. The kobold closely misses you. The hobgoblin barely misses you.
You hit the kobold.
You kill the kobold!
You feel sick. The hobgoblin hits you.
You die...

#...# ###.#
#...# #.#
#...#
#.#####+####
#####
#.#.........
#.#.......$.
#.#.........
#.#.........
##'#.........
#...gh.#
#....)?#
..).......#
...........#
............#
...........##
...........#
........>..#


You could see a hobgoblin.

Vanquished Creatures
  An endoplasm (D:1)
  A goblin (D:1)
  A ball python (D:1)
  A kobold (D:1)
4 creatures vanquished.

Notes
Turn   | Place    | Note
-------+----------+-------------------------------------------
     0 | D:1      | PidgeyThePirate the Demigod Shapeshifter began the quest
                  | for the Orb.
     0 | D:1      | Reached XP level 1. HP: 15/15 MP: 3/3
    97 | D:1      | Slain by a hobgoblin

Illustrated notes

Levels and vault maps discovered:
D:1:      amcnicky_arrival_choice, layout_basic

Action                     || total
---------------------------++-------
  Melee: Unarmed           ||    13
 Armour: Animal skin       ||     3
  Dodge: Dodged            ||    12

Table legend: (Time is in decaauts)
 A = Elapsed time spent in this place.
 B = Non-inter-level travel time spent in this place.
 C = Inter-level travel time spent in this place.
 D = Time resting spent in this place.
 E = Time spent auto-exploring this place.
 F = Levels seen in this place.
 G = Mean time per level.
                   A        B        C        D        E       F      G
               +--------+--------+--------+--------+--------+-----+--------+
         Total |     96 |     96 |      0 |      0 |     59 |   1 |   96.0 |
       Dungeon |     96 |     96 |      0 |      0 |     59 |   1 |   96.0 |
               +--------+--------+--------+--------+--------+-----+--------+

Top non-repeatable levels by time:
     D:1: 96 daAuts
